 Dungeon Crawl Stone Soup version 0.21.0-3-g78d12a8 (webtiles) character file.

487 Suckerboh the Cudgeler (level 7, -6/41 HPs)
             Began as a Gargoyle Gladiator on Jan 10, 2018.
             Blown up by Pikel (18 damage)
             ... with a wand of disintegration (11)
             ... on level 4 of the Dungeon on Jan 11, 2018.
             The game lasted 00:05:14 (3062 turns).

Suckerboh the Cudgeler (Gargoyle Gladiator)         Turns: 3062, Time: 00:05:14

Health: -6/41      AC: 12    Str: 17    XL:     7   Next: 13%
Magic:  7/7        EV: 11    Int:  9    God:
Gold:   187        SH:  0    Dex: 13    Spells: 6/6 levels left

rFire    . . .     SeeInvis .   a - +0 flail
rCold    . . .     Gourm    .   (no shield)
rNeg     + . .     Faith    .   n - +0 scale mail
rPois    ∞         Spirit   .   c - +0 helmet
rElec    +         Reflect  .   (no cloak)
rCorr    .         Harm     .   (no gloves)
MR       .....                  (no boots)
Stlth    ..........             (no amulet)
HPRegen  0.13/turn              (no ring)
MPRegen  0.10/turn              (no ring)

@: no status effects
A: negative energy resistance 1, electricity resistance, unbreathing,
petrification resistance, rot immunity, AC +4
a: no special abilities


You were on level 4 of the Dungeon.
You were not hungry.

You visited 1 branch of the dungeon, and saw 4 of its levels.

You collected 187 gold pieces.

Inventory:

Hand Weapons
 a - a +0 flail (weapon)
Armour
 c - a +0 helmet (worn)
 n - a +0 scale mail (worn)
Jewellery
 e - an uncursed amulet of regeneration {unknown}
Scrolls
 b - 2 scrolls of amnesia {unknown}
 g - 2 scrolls of fog {unknown}
 h - 4 scrolls of identify {unknown}
 j - 2 scrolls of teleportation {unknown}
 k - a scroll of enchant weapon {unknown}
 m - a scroll of enchant armour {unknown}
 o - a scroll of remove curse {unknown}
Potions
 i - 2 potions of curing
Comestibles
 f - 5 rations
 l - 2 chunks of flesh


   Skills:
 + Level 3.2 Fighting
 * Level 6.9 Maces & Flails
 - Level 1.7 Throwing
 + Level 2.0 Armour
 + Level 3.0 Dodging


You had 6 spell levels left.
You didn't know any spells.

Dungeon Overview and Level Annotations

Branches:
Dungeon (4/15)
 Temple: D:4-7

Altars:
Trog

Annotations:
D:4 Pikel


Innate Abilities, Weirdness & Mutations

You are resistant to torment.
Your stone body is resilient. (AC +4)
You are immune to poison.
You resist negative energy. (rN+)
You are resistant to electric shocks. (rElec)
You can survive without breathing.
You are immune to petrification.
You are immune to rotting.


Message History

You thump Pikel!
Pikel is lightly wounded.
Pikel struggles against the net.
You hit Pikel but do no damage.
Pikel is lightly wounded.
Pikel struggles against the net.
You hit Pikel.
Pikel is moderately wounded.
Pikel cracks his whip.
Pikel struggles against the net.
You hit Pikel but do no damage.
Pikel is moderately wounded.
Pikel zaps a wand.
You are blasted!
* * * LOW HITPOINT WARNING * * *
Pikel struggles against the net.
The net rips apart, and Pikel comes free!
You closely miss Pikel.
Pikel is moderately wounded.
Pikel zaps a wand.
You are blasted!
You die...

##..##.....# ####.............
...####....# ##..#..........
..#####....# ##..###.........
...........# ##..## ##.######.
#..........## ##..## #.#
##...#####..###..## #.#
#..#######..#..## #.##
##..............### ##..##
#...............@.## #....### .
.....#####...####.K####......###.
.##..# ##..# ###pp#...#....... #
#..# #.## ##(p..###..K... ##..
..# ###.......###. #.. ....
#.....### ... ..... #.....# ..
..... #......# #..#....#


You could see Pikel and 3 slaves.

Vanquished Creatures
  Sigmund (D:4)
  The ghost of komo4ek the Chiller, an amateur VSIE (D:3)
  A scorpion (D:4)
  A howler monkey (D:4)
  A bullfrog skeleton (D:4)
  Terence (D:3)
  An iguana (D:3)
  A howler monkey skeleton (D:4)
  2 adders (D:2)
  2 oozes
  A worm (D:2)
  3 dart slugs
  3 leopard geckos
  4 orcs
  A ball python (D:4)
  5 bats
  3 giant cockroaches
  8 goblins
  9 hobgoblins
  5 jackals (D:3)
  5 kobolds
  2 quokkas
  5 frilled lizards
  A leopard gecko skeleton (D:4)
  6 rats
73 creatures vanquished.

Notes
Turn   | Place    | Note
-------+----------+-------------------------------------------
     0 | D:1      | Suckerboh the Gargoyle Gladiator began the quest for the Orb.
     0 | D:1      | Reached XP level 1. HP: 12/12 MP: 1/1
    82 | D:1      | Reached XP level 2. HP: 17/17 MP: 2/2
   352 | D:1      | Reached XP level 3. HP: 21/21 MP: 3/3
   353 | D:1      | Reached skill level 4 in Maces & Flails
   998 | D:2      | Reached XP level 4. HP: 20/27 MP: 4/4
  1768 | D:3      | Noticed komo4ek's ghost (amateur VSIE)
  1963 | D:3      | Found a bloodstained altar of Trog.
  2033 | D:3      | Reached skill level 1 in Armour
  2221 | D:3      | Noticed Terence
  2244 | D:3      | Killed Terence
  2244 | D:3      | Reached skill level 5 in Maces & Flails
  2244 | D:3      | Reached XP level 5. HP: 27/31 MP: 5/5
  2317 | D:3      | Killed komo4ek's ghost
  2603 | D:4      | Reached XP level 6. HP: 36/36 MP: 6/6
  2615 | D:4      | Reached skill level 6 in Maces & Flails
  2950 | D:4      | Noticed Sigmund
  2977 | D:4      | Killed Sigmund
  2977 | D:4      | Reached XP level 7. HP: 29/41 MP: 7/7
  3037 | D:4      | Noticed Pikel
  3062 | D:4      | Blown up by Pikel

Skill      XL: |  1  2  3  4  5  6 |
---------------+-------------------+-----
Maces & Flails | 4 5 6 |  6.9
Armour         | 1 2 |  2.0
Fighting       | 3 |  3.2
Dodging        | 3 |  3.0
Throwing       | |  1.7

Action                   |  1- 3 |  4- 6 |  7- 9 || total
-------------------------+-------+-------+-------++-------
Melee: Flail             |    95 |   185 |    13 ||   293
Throw: Throwing net      |       |     2 |     2 ||     4
  Eat: Chunk             |       |     7 |       ||     7
Armor: Leather armour    |    37 |    36 |       ||    73
       Scale mail        |       |    68 |     3 ||    71
Dodge: Dodged            |    67 |   135 |     1 ||   203
